 Dungeon Crawl Stone Soup version 0.29-a0-82-g837932c90e (webtiles) character file.

Game seed: 6554043915107236464

27137 robertstho the Warrior (level 13, -10/128 HPs)
             Began as a Minotaur Fighter on Feb 4, 2022.
             Was an Elder of Qazlal.
             Mangled by an orc knight (18 damage)
             ... on level 1 of the Orcish Mines.
             The game lasted 00:21:43 (12240 turns).

robertstho the Warrior (Minotaur Fighter)          Turns: 12240, Time: 00:21:43

Health: -10/128    AC: 18    Str: 28    XL:     13   Next: 2%
Magic:  17/17      EV:  9    Int:  5    God:    Qazlal [****..]
Gold:   900        SH: 11    Dex: 13    Spells: 12/12 levels left

rFire   + + +      SeeInvis .   I - +2 war axe (drain)
rCold   + . .      Faith    .   c - +0 buckler
rNeg    . . .      Spirit   .   H - +1 plate armour of Disguise {+Blink Str+2}
rPois   .          Reflect  .   C - +1 hat of the Wilderness {Harm rElec rF+}
rElec   +          Harm     +   w - scarf {rC+ rF+}
rCorr   +          Rampage  .   (no gloves)
Will    .....                   (no boots)
Stlth   ..........              t - amulet "Biqeerost" {Harm rElec rF+ Regen+}
HPRegen 1.11/turn               x - ring of resist corrosion
MPRegen 0.15/turn               b - ring of Tujud {rF+ Dex+3}

@: studying Fighting, repel missiles
A: horns 2, retaliatory headbutt, MP-powered wands
a: Renounce Religion, Evoke Blink, Upheaval, Elemental Force


You were on level 1 of the Orcish Mines.
You worshipped Qazlal.
Qazlal was greatly pleased with you.
You visited 3 branches of the dungeon, and saw 15 of its levels.
You also visited: Bailey and Volcano.

You collected 1250 gold pieces.
You spent 350 gold pieces at shops.

Inventory:

Hand Weapons
 B - a +3 morningstar
 I - a +2 war axe of draining (weapon)
Armour
 c - a +0 buckler (worn)
 l - a +2 hat of stealth
 m - a +2 scale mail of fire resistance
 r - a +2 leather armour of cold resistance
 w - a scarf of resistance (worn)
 C - the +1 hat of the Wilderness (worn) {Harm rElec rF+}
   (You acquired it on level 11 of the Dungeon)

   rF:        It protects you from fire.
   rElec:     It insulates you from electricity.
   Harm:      It increases damage dealt and taken.
 H - the +1 plate armour of Disguise (worn) {+Blink Str+2}
   (You found it in a bailey)

   Str:       It affects your strength (+2).
   +Blink:    It lets you blink.
Jewellery
 b - the ring of Tujud (right hand) {rF+ Dex+3}
   (You acquired it in a bailey)

   [ring of protection from fire]

   Dex:       It affects your dexterity (+3).
   rF:        It protects you from fire.
 t - the amulet "Biqeerost" (around neck) {Harm rElec rF+ Regen+}
   (You found it on level 5 of the Dungeon)

   [amulet of regeneration]

   rF:        It protects you from fire.
   rElec:     It insulates you from electricity.
   Regen:     It increases your rate of health regeneration.
   Harm:      It increases damage dealt and taken.
 x - a ring of resist corrosion (left hand)
 N - a ring of ice
Wands
 d - a wand of polymorph (10)
 e - a wand of acid (1)
 o - a wand of mindburst (15)
 s - a wand of digging (1)
 v - a wand of paralysis (4)
 J - a wand of flame (4)
Scrolls
 g - 4 scrolls of teleportation
 j - 3 scrolls of blinking {unknown}
 n - 2 scrolls of enchant armour {unknown}
 q - 3 scrolls of enchant weapon
 u - 2 scrolls of summoning {unknown}
 y - 2 scrolls of fog
 D - a scroll of immolation {unknown}
 L - 2 scrolls of amnesia {unknown}
Potions
 a - a potion of curing
 f - 3 potions of resistance {unknown}
 h - 3 potions of invisibility
 i - 2 potions of ambrosia {unknown}
 k - a potion of attraction
 p - a potion of flight
 z - 2 potions of haste
 A - 2 potions of lignification {unknown}
 E - 4 potions of magic {unknown}
 F - 2 potions of brilliance {unknown}
 G - 2 potions of cancellation
 K - 2 potions of berserk rage
 M - 2 potions of heal wounds


   Skills:
 * Level 15.8 Fighting
 + Level 14.4 Axes
 * Level 14.0 Armour
 + Level 2.9 Dodging
 + Level 7.7 Shields
 + Level 0.1 Unarmed Combat
 * Level 7.2 Invocations
 * Level 2.1 Evocations


You had 12 spell levels left.
You didn't know any spells.
Your spell library contained the following spells:

 Spells                   Type           Power      Damage    Failure   Level
 Foxfire                  Conj/Fire      0%         2x1d4     99%         1
 Slow                     Hex            0%         N/A       99%         1
 Sublimation of Blood     Necr           0%         N/A       100%        2
 Wereblood                Tmut           0%         N/A       100%        2
 Confusing Touch          Hex            0%         N/A       100%        3
 Conjure Flame            Conj/Fire      0%         6-21      100%        3
 Gell's Gravitas          Tloc           0%         N/A       100%        3
 Inner Flame              Hex/Fire       0%         N/A       100%        3
 Lesser Beckoning         Tloc           0%         N/A       100%        3
 Teleport Other           Tloc           0%         N/A       100%        3
 Vampiric Draining        Necr           0%         2d6       100%        3
 Flame Wave               Conj/Fire      0%         2d4       100%        4
 Summon Ice Beast         Ice/Summ       0%         N/A       100%        4
 Fireball                 Conj/Fire      0%         3d3       100%        5
 Summon Mana Viper        Hex/Summ       0%         N/A       100%        5
 Starburst                Conj/Fire      0%         6d3       100%        6
 Monstrous Menagerie      Summ           0%         N/A       100%        7
 Summon Hydra             Summ           0%         N/A       100%        7
 Ignition                 Fire           0%         3d3       100%        8


Dungeon Overview and Level Annotations

Branches:
Dungeon (12/15)            Temple (1/1) D:7            Lair (0/6) D:11
    Orc (2/2) D:12            Elf (0/3) Orc:2        Bailey (visited)
Volcano (visited)

Altars:
Cheibriados
Gozag
Kikubaaqudgha
Makhleb
Qazlal
Sif Muna
Wu Jian
Yredelemnul
Zin
The Shining One

Shops:
D:12 (*   Orc:2 !


Innate Abilities, Weirdness & Mutations

You have a pair of horns on your head.
You reflexively headbutt those who attack you in melee.
You expend magic power (3 MP) to strengthen your wands.


Message History

You hit the orc sorcerer but do no damage.
You drain the orc sorcerer. The orc knight barely misses you.
The orc knight hits you with a +1 long sword!
The orc sorcerer hits you but does no damage.
You slash the orc knight!
You kill the orc knight!
Qazlal accepts your kill.
You closely miss the orc sorcerer.
You hit the orc knight but do no damage.
You drain the orc knight.
The orc knight hits you with a +1 long sword!
* * * LOW HITPOINT WARNING * * *
You barely miss the orc knight.
The orc knight is lightly wounded.
You hit the orc sorcerer but do no damage.
You drain the orc sorcerer.
The orc sorcerer hits you but does no damage.
Unknown command.
You closely miss the orc knight.
The orc knight is lightly wounded.
You hit the orc sorcerer but do no damage.
You block the orc knight's attack.
The orc sorcerer mumbles some strange words.
Unknown command.
You hit the orc sorcerer but do no damage.
The orc sorcerer is moderately wounded.
You slash the orc knight!
The orc knight hits you with a +1 long sword!!
* * * LOW HITPOINT WARNING * * *
You block the orc sorcerer's attack.
Unknown command.
You miss the orc sorcerer. Your headbutt misses the orc sorcerer.
The orc sorcerer is moderately wounded.
You hit the orc knight but do no damage.
The neqoxec is engulfed in blazing flames.
The neqoxec gestures at you.
Strange energies course through your body.
You feel your magical essence link to the dungeon's wands.
The orc knight hits you with a +1 long sword!
You die...

##.## ####...##
#...###.......##
##.###.......#.###### ######
#....##...........#.####.#..#
##...................##......
##...##..#..........###......
##....#......§.#....##....#..#
#............).°.........##..#
##...##.....o@o.....##...###^.
##.........[.°#....####.# #.#
##........○.○3.))## ### ###
##............[[# ### #
##............)[###.##
#.........#..#.......## ###
##.^.....####....<....###.)
####....###.#....#...##..[
#...###.....####.#.#[[#


You could see an orc knight (strong, drained), a neqoxec (summoned) and an orc
sorcerer (strong, drained).

Vanquished Creatures
  Gastronok (D:8)
  An orc warlord (Bailey)
  A fire dragon (D:11)
  Erolcha (D:11)
  A boulder beetle (D:11)
  6 two-headed ogres
  An orc high priest (Orc:2)
  A cyclops (Orc:2)
  3 orc knights
  2 orc sorcerers (Orc:2)
  An ugly thing (D:12)
  A salamander (Volcano)
  A manticore (D:12)
  Joseph (D:9)
  A tengu conjurer (D:12)
  An unseen horror (D:11)
  A komodo dragon (D:8)
  5 trolls
  A hornet (D:10)
  Grinder (D:5)
  5 wyverns
  Eustachio (D:4)
  12 yaks
  2 fire bats (Volcano)
  8 vampire mosquitoes
  A death yak simulacrum (Orc:1)
  2 wargs (Orc:2)
  An acid dragon (D:11)
  A water moccasin (D:8)
  A hell hound (Volcano)
  Duvessa (D:5)
  21 orc warriors
  A sky beast (D:7)
  An ice beast (D:4)
  11 ogres
  3 necrophages
  A black bear (D:7)
  6 centaurs
  A phantom (D:6)
  2 kobold brigands
  3 bullfrogs
  2 wyvern zombies (D:8)
  A scorpion (D:4)
  A two-headed ogre simulacrum (Orc:1)
  A water moccasin zombie (D:7)
  A wyvern skeleton (D:7)
  17 killer bees
  Dowan (D:5)
  3 howler monkeys
  9 wights
  12 orc priests
  A bullfrog skeleton (D:5)
  4 hounds
  3 centaur zombies
  Crazy Yiuf (D:5)
  Ijyb (D:3)
  4 spriggan simulacra (Orc:1)
  23 orc wizards
  A troll simulacrum (Orc:1)
  A polar bear simulacrum (Orc:1)
  5 gnolls
  A howler monkey skeleton (D:5)
  6 adders
  2 white imps (D:7)
  2 worms
  4 dart slugs
  41 orcs
  10 endoplasms
  3 giant cockroaches
  19 goblins
  12 hobgoblins
  5 quokkas
  5 ball pythons
  5 bats
  2 frilled lizards (D:1)
  21 kobolds
  6 rats
  A spectral orc (D:10)
354 creatures vanquished.

Vanquished Creatures (collateral kills)
  An orc knight (Orc:2)
  2 orc warriors (Orc:2)
  An orc (Orc:2)
4 creatures vanquished.

Vanquished Creatures (others)
  An orc wizard (Orc:1)
  2 fungi (Orc:1)
3 creatures vanquished.

Grand Total: 361 creatures vanquished

Notes
Turn   | Place    | Note
-------+----------+-------------------------------------------
     0 | D:1      | robertstho the Minotaur Fighter began the quest for the
                  | Orb.
     0 | D:1      | Reached XP level 1. HP: 19/19 MP: 0/0
   338 | D:1      | Reached skill level 4 in Fighting
   338 | D:1      | Reached XP level 2. HP: 27/27 MP: 1/1
   840 | D:2      | Reached XP level 3. HP: 28/34 MP: 2/2
  1071 | D:2      | Reached XP level 4. HP: 10/41 MP: 3/3
  1072 | D:2      | Reached skill level 5 in Fighting
  1366 | D:2      | Found a faded altar of an unknown god.
  1702 | D:3      | Found an opulent altar of Gozag.
  1705 | D:3      | Noticed Ijyb
  1709 | D:3      | Killed Ijyb
  1710 | D:3      | Reached XP level 5. HP: 48/48 MP: 4/4
  2333 | D:4      | Noticed an ogre
  2549 | D:4      | Reached skill level 5 in Axes
  2565 | D:4      | Killed an ogre
  2566 | D:4      | Reached skill level 1 in Dodging
  2566 | D:4      | Reached XP level 6. HP: 53/56 MP: 5/5
  2661 | D:4      | Reached skill level 5 in Armour
  2693 | D:4      | Noticed an ice beast
  2712 | D:4      | Killed an ice beast
  2713 | D:4      | Reached skill level 6 in Fighting
  2806 | D:4      | Reached XP level 7. HP: 63/63 MP: 6/6
  3579 | D:4      | Noticed Eustachio
  3601 | D:4      | Killed Eustachio
  3788 | D:5      | Entered Level 5 of the Dungeon
  3789 | D:5      | Noticed Duvessa
  3789 | D:5      | Noticed Dowan
  3797 | D:5      | Killed Duvessa
  3798 | D:5      | Reached XP level 8. HP: 70/71 MP: 7/7
  3804 | D:5      | Killed Dowan
  3991 | D:5      | Found a glowing golden altar of the Shining One.
  3991 | D:5      | Found a snail-covered altar of Cheibriados.
  4268 | D:5      | Identified the amulet "Biqeerost" {Harm rElec rF+ Regen+}
  4281 | D:5      | Noticed Grinder
  4287 | D:5      | Paralysed by Grinder for 3 turns
  4291 | D:5      | Killed Grinder
  4292 | D:5      | Reached skill level 7 in Fighting
  4642 | D:5      | Found a runed translucent door.
  4643 | D:5      | Noticed Crazy Yiuf
  4964 | D:5      | Killed Crazy Yiuf
  5621 | D:6      | Found a burning altar of Makhleb.
  5621 | D:6      | Noticed a balrug
  6146 | D:7      | Reached XP level 9. HP: 77/81 MP: 8/8
  6339 | D:7      | Reached skill level 8 in Fighting
  6436 | D:7      | Noticed a troll
  6439 | D:7      | Killed a troll
  6650 | D:7      | Found a staircase to the Ecumenical Temple.
  6719 | Temple   | Entered the Ecumenical Temple
  6760 | Temple   | Became a worshipper of Qazlal Stormbringer
  6811 | D:7      | Reached skill level 1 in Invocations
  7044 | D:8      | Noticed Gastronok
  7060 | D:8      | Killed Gastronok
  7061 | D:8      | Reached skill level 9 in Fighting
  7061 | D:8      | Reached skill level 10 in Axes
  7061 | D:8      | Reached skill level 10 in Armour
  7061 | D:8      | Reached skill level 5 in Shields
  7061 | D:8      | Reached XP level 10. HP: 13/91 MP: 10/10
  7732 | D:9      | Reached * piety under Qazlal
  7759 | D:9      | Noticed Joseph
  7763 | D:9      | Killed Joseph
  7932 | D:9      | Found an ornate altar of the Wu Jian Council.
  7932 | D:9      | Found a glowing silver altar of Zin.
  7951 | D:9      | Reached skill level 10 in Fighting
  8340 | D:10     | Entered Level 10 of the Dungeon
  8340 | D:10     | Found a shimmering blue altar of Sif Muna.
  8375 | D:10     | Found a flagged portal.
  8386 | D:10     | Reached ** piety under Qazlal
  8395 | Bailey   | Entered a bailey
  8400 | Bailey   | Noticed an orc warlord
  8457 | Bailey   | Reached XP level 11. HP: 100/101 MP: 13/13
  8475 | Bailey   | Found a runed translucent gate.
  8475 | Bailey   | Found a runed translucent gate.
  8475 | Bailey   | Found a runed translucent gate.
  8631 | Bailey   | Killed an orc warlord
  8645 | Bailey   | Identified the +1 plate armour of Disguise {+Blink Str+2}
  8695 | Bailey   | Acquired a manual of Fighting
  8697 | Bailey   | Acquired the ring of Tujud {rF+ Dex+3}
  8850 | D:10     | Reached skill level 11 in Fighting
  8963 | D:10     | Found a basalt altar of Yredelemnul.
  9164 | D:10     | Found an ancient bone altar of Kikubaaqudgha.
  9245 | D:11     | Reached skill level 5 in Invocations
  9389 | D:11     | Noticed Erolcha
  9391 | D:11     | Noticed a fire dragon
  9396 | D:11     | HP: 1/104 [something (27)]
  9401 | D:11     | Noticed a boulder beetle
  9418 | D:11     | Killed a boulder beetle
  9419 | D:11     | Reached skill level 12 in Fighting
  9457 | D:11     | Killed Erolcha
  9462 | D:11     | Noticed a two-headed ogre
  9470 | D:11     | Killed a two-headed ogre
  9486 | D:11     | Killed a fire dragon
  9576 | D:11     | Noticed a two-headed ogre
  9582 | D:11     | Killed a two-headed ogre
  9598 | D:11     | Found a staircase to the Lair.
  9646 | D:11     | Reached skill level 13 in Fighting
  9980 | D:11     | Acquired the +1 hat of the Wilderness {Harm rElec rF+}
 10061 | D:12     | Found Sis Kele's Weapon Shop.
 10132 | D:12     | Reached *** piety under Qazlal
 10138 | D:12     | Reached XP level 12. HP: 78/115 MP: 15/15
 10278 | D:12     | Found a staircase to the Orcish Mines.
 10619 | D:12     | Found Xypn's Assorted Antiques.
 10627 | D:12     | Bought a smoky coppery potion for 28 gold pieces
 10627 | D:12     | Bought a bubbling sapphire potion for 28 gold pieces
 10722 | Orc:1    | Entered Level 1 of the Orcish Mines
 10816 | Orc:1    | Found a frozen archway.
 10856 | Orc:1    | Found a dark tunnel.
 10871 | Orc:1    | Reached **** piety under Qazlal
 10889 | Volcano  | Entered a volcano
 10980 | Volcano  | Noticed a two-headed ogre
 10980 | Volcano  | Noticed a two-headed ogre
 10984 | Volcano  | Reached skill level 14 in Fighting
 10992 | Volcano  | Killed a two-headed ogre
 10992 | Volcano  | Killed a two-headed ogre
 11056 | Volcano  | Noticed a two-headed ogre
 11056 | Volcano  | Noticed a two-headed ogre
 11060 | Volcano  | Killed a two-headed ogre
 11065 | Volcano  | Killed a two-headed ogre
 11616 | Orc:2    | Entered Level 2 of the Orcish Mines
 11742 | Orc:2    | Reached skill level 15 in Fighting
 11759 | Orc:2    | Reached skill level 1 in Evocations
 11828 | Orc:2    | Found Tugute's Distillery.
 12098 | Orc:2    | Bought a potion of curing for 42 gold pieces
 12098 | Orc:2    | Bought 2 potions of heal wounds for 140 gold pieces
 12098 | Orc:2    | Bought a potion of cancellation for 112 gold pieces
 12137 | Orc:2    | Found a staircase to the Elven Halls.
 12169 | Orc:2    | Noticed an orc high priest
 12175 | Orc:2    | Killed an orc high priest
 12177 | Orc:2    | Noticed an orc high priest
 12197 | Orc:1    | Reached XP level 13. HP: 98/128 MP: 17/17
 12240 | Orc:1    | Gained mutation: You expend magic power (3 MP) to
                  | strengthen your wands. [a neqoxec]
 12240 | Orc:1    | Mangled by an orc knight

Illustrated notes

Levels and vault maps discovered:
D:1:      scummos_arrival_hexagon, layout_loops_cross
D:2:      wander_river, layout_rooms, dilly_ecumenical_altar_fadedgnrine
D:3:      layout_basic, nicolae_overflow_hidden_temple, uniq_ijyb
D:4:      layout_basic, uniq_eustachio
D:5:      layout_basic, gammafunk_temple_overflow_wave, uniq_grinder,
          uniq_duvessa, uniq_crazy_yiuf_cottage
D:6:      layout_loops_ring, makhleb_altar_promises_db, minmay_misc_feat_iff
D:7:      layout_basic, minmay_temple_entry_wispy,
          minmay_a_box_with_orc_wizards_in_it
D:8:      layout_basic, uniq_gastronok
D:9:      layout_basic, jmf_multi_god_temple, chequers_serial_rivers_marsh,
          uniq_joseph
D:10:     layout_roguey, yredelemnul_forgotten_temple_becter,
          old_standard_altar, kiku_gazebo_pond_becter, enter_bailey_5, eino_jars
D:11:     layout_loops_cross, minmay_lair_entry_lava, uniq_erolcha
D:12:     layout_irregular_city, orc_0_dummy, serial_shops, nicolae_shop_trees,
          nicolae_diamond_shop
Temple:   nicolae_temple_figure_eight
Orc:1:    layout_caves, nicolae_volcano_entry_hallway,
          portal_ice_cave_entry_ice_simulacra, nicolae_orc_damp_corner
Orc:2:    st_orc_elflike, layout_caves, serial_shops, nicolae_diamond_shop

Skill      XL: |  1  2  3  4  5  6  7  8  9 10 11 12 |
---------------+-------------------------------------+-----
Fighting       | 4 5 6 7 9 10 13 15 | 15.8
Armour         | 4 5 6 8 10 11 13 14 | 14.0
Axes           | 3 4 5 6 7 8 10 12 13 14 | 14.4
Dodging        | 1 2 |  2.9
Shields        | 4 5 6 7 |  7.7
Invocations    | 2 4 5 7 |  7.2
Evocations     | 2 |  2.1
Unarmed Combat | |  0.1

Action                   |  1- 3 |  4- 6 |  7- 9 | 10-12 | 13-15 || total
-------------------------+-------+-------+-------+-------+-------++-------
Melee: War axe           |    69 |   101 |   195 |   526 |    12 ||   903
       Headbutt          |    14 |     8 |    23 |    97 |     4 ||   146
       Unarmed           |       |     2 |       |       |       ||     2
Invok: Upheaval          |       |       |       |     3 |       ||     3
       Elemental Force   |       |       |       |     1 |       ||     1
Evoke: Wand              |       |       |       |     1 |       ||     1
  Use: Potion            |     1 |     2 |     3 |     4 |       ||    10
       Scroll            |       |     3 |     7 |     8 |       ||    18
Armor: Scale mail        |    34 |     3 |       |       |       ||    37
       Chain mail        |       |    42 |   115 |    58 |       ||   215
       Plate armour      |       |       |       |   167 |     7 ||   174
Dodge: Dodged            |    32 |    38 |    82 |   205 |     6 ||   363
Block: Buckler           |    12 |    19 |    39 |   212 |     7 ||   289

Table legend: (Time is in decaauts)
 A = Elapsed time spent in this place.
 B = Non-inter-level travel time spent in this place.
 C = Inter-level travel time spent in this place.
 D = Time resting spent in this place.
 E = Time spent auto-exploring this place.
 F = Levels seen in this place.
 G = Mean time per level.
                   A        B        C        D        E       F      G
               +--------+--------+--------+--------+--------+-----+--------+
         Total |  12322 |  11725 |    597 |    483 |   9098 |  17 |  724.8 |
       Dungeon |  10443 |   9906 |    537 |    189 |   8139 |  12 |  870.2 |
        Temple |     62 |     41 |     21 |      0 |     36 |   1 |   62.0 |
  Orcish Mines |   1149 |   1112 |     37 |    294 |    475 |   2 |  574.5 |
        Bailey |    311 |    311 |      0 |      0 |    159 |   1 |  311.0 |
       Volcano |    356 |    356 |      0 |      0 |    287 |   1 |  356.0 |
               +--------+--------+--------+--------+--------+-----+--------+

Top non-repeatable levels by time:
     D:5: 1313 daAuts
     D:4: 1297 daAuts
     D:7: 1083 daAuts
     D:3: 990 daAuts
   Orc:1: 857 daAuts
     D:1: 848 daAuts
     D:8: 792 daAuts
    D:11: 790 daAuts
     D:2: 727 daAuts
    D:12: 715 daAuts
     D:6: 700 daAuts
     D:9: 623 daAuts
    D:10: 558 daAuts
 Volcano: 356 daAuts
  Bailey: 311 daAuts
